Map: Blackpink LE

Players

NestorHead

  • Race: Terran Terran
  • League: Platinum
  • Spawn Location: 7:00

Kozzy - Winner!

  • Race: Protoss Protoss
  • League: Gold
  • Spawn Location: 1:00

VOD

Have the link to the VOD?

Description

Time

  • Played on: April 14, 2018, 11:27 a.m.
  • Length: 6:04
Show
View Real Time Build Order
Export as new Build Order

NestorHead Terran 

Build Orders: Command Center First (CC) 

Get SALT Encoding   

  12  0:02  SCV  
  13  0:14  SCV  
  14  0:22  Supply Depot  
  14  0:26  SCV  
  15  0:45  SCV  
  16  0:59  Command Center  
  16  1:05  SCV  
  17  1:13  Barracks  
  17  1:17  SCV  
  18  1:35  SCV  
  19  1:46  Refinery  
  19  1:49  Refinery  
  19  1:51  SCV  
  20  2:02  Marine  
  21  2:09  Supply Depot  
  21  2:10  Bunker  
  21  2:15  Orbital Command  
  21  2:16  Orbital Command  
  21  2:26  Marine  
  22  2:43  Factory  
  22  2:46  Marine  
  23  2:53  Engineering Bay  
  23  2:57  SCV x2  
  25  3:05  Marine  
  26  3:11  SCV x2  
  28  3:15  Refinery  
  28  3:16  Refinery  
  28  3:23  SCV x2  
  30  3:27  Missile Turret  
  30  3:39  Missile Turret  
  30  3:41  Missile Turret  
  30  3:45  Starport  
  30  3:46  Factory Tech Lab  
  30  3:49  SCV x2  
  30  3:53  Marine  
  33  4:02  Missile Turret  
  33  4:05  SCV x2  
  35  4:14  Starport  
  35  4:25  Marine  
  35  4:26  Factory Tech Lab  
  35  4:27  Missile Turret  
  36  4:34  SCV x2  
  38  4:45  Command Center  
  38  4:46  SCV x2  
  35  5:06  Marine  
  32  5:17  SCV x2  
  34  5:23  Marine  
  35  5:29  SCV x2, Starport Tech Lab  
  37  5:41  Marine  
Show
View Real Time Build Order
Export as new Build Order

Kozzy Protoss - Winner!

Build Orders:  

Get SALT Encoding   

  12  0:01  Probe  
  13  0:13  Probe  
  14  0:20  Pylon  
  14  0:31  Probe  
  15  0:36  Assimilator  
  15  0:46  Gateway  
  15  0:51  Probe (Chrono Boost)  
  16  1:02  Probe (Chrono Boost)  
  17  1:06  Probe (Chrono Boost)  
  18  1:17  Probe  
  19  1:21  Pylon  
  19  1:29  Probe  
  20  1:41  Probe  
  21  1:47  Cybernetics Core  
  21  2:08  Forge  
  21  2:12  Gateway  
  21  2:23  Pylon  
  21  2:26  Pylon  
  21  2:28  Stalker (Chrono Boost)  
  21  2:29  Warp Gate  
  23  2:44  Gateway, Shield Battery  
  23  2:46  Photon Cannon  
  23  2:52  Protoss Ground Weapons Level 1 (Chrono Boost)  
  23  2:54  Gateway  
  23  3:13  Stalker  
  23  3:16  Pylon  
  25  3:29  Pylon  
  25  3:40  Stalker  
  27  4:06  Photon Cannon  
  27  4:08  Shield Battery  
  27  4:33  Stalker x2  
  27  4:34  Stalker x2  
  29  5:16  Stalker  
  29  5:17  Stalker, Zealot  
  29  5:18  Zealot  
  37  5:40  Zealot x4  
  41  6:01  Stalker x3  
Tags
 
Add a new tag
Caveats
  • Supply blocks, unpowered buildings, or Contaminate may cause inaccurate times.
  • Supply counts are checked every 10 seconds.